 Dungeon Crawl Stone Soup version 0.24-a0-378-g94936e539c (webtiles) character file.

Game seed: 9325250790961216094

247 Zoophyte the Chopper (level 6, -1/51 HPs)
             Began as a Hill Orc Berserker on June 2, 2019.
             Was a Priest of Trog.
             Slain by a scorpion (7 damage)
             ... on level 4 of the Dungeon on June 3, 2019.
             The game lasted 00:39:18 (5070 turns).

Zoophyte the Chopper (Hill Orc Berserker)           Turns: 5070, Time: 00:39:19

Health: -1/51      AC:  7    Str: 22    XL:     6   Next: 11%
Magic:  6/6        EV: 10    Int:  7    God:    Trog [***...]
Gold:   169        SH:  0    Dex: 10    Spells: 5/5 levels left

rFire    . . .     SeeInvis .   a - +1 hand axe
rCold    . . .     Gourm    .   (no shield)
rNeg     . . .     Faith    .   r - +0 scale mail
rPois    .         Spirit   .   (no helmet)
rElec    .         Reflect  .   (no cloak)
rCorr    .         Harm     .   (no gloves)
MR       .....                  (no boots)
Stlth    ..........             (no amulet)
HPRegen  0.17/turn              (no ring)
MPRegen  0.10/turn              (no ring)

@: lethally poisoned (-1 -> -2), starving
A: no striking features
a: Berserk, Trog's Hand, Renounce Religion


You were on level 4 of the Dungeon.
You worshipped Trog.
Trog was most pleased with you.
You were starving.

You visited 1 branch of the dungeon, and saw 5 of its levels.

You collected 169 gold pieces.

Inventory:

Hand Weapons
 a - a +1 hand axe (weapon)
 s - a +0 short sword
Missiles
 g - 197 stones (quivered)
Armour
 b - a +0 animal skin
 r - a +0 scale mail (worn)
Scrolls
 d - a scroll of enchant weapon
 e - 3 scrolls of identify
 f - a scroll of fear {unknown}
 h - a scroll of magic mapping {unknown}
 m - a scroll of teleportation {unknown}
 o - 2 scrolls of remove curse
 p - a scroll of fog {unknown}
Potions
 i - 4 potions of brilliance
 j - a potion of magic {unknown}
 k - a potion of resistance {unknown}
 l - a potion of berserk rage {unknown}
 q - a potion of might {unknown}
Comestibles
 c - 10 rations


   Skills:
 - Level 3.6 Fighting
 + Level 6.3 Axes
 + Level 2.0 Throwing
 + Level 4.6 Armour
 - Level 1.5 Dodging


You had 5 spell levels left.
You didn't know any spells.
Your spell library was empty.

Dungeon Overview and Level Annotations

Branches:
Dungeon (5/15)
 Temple: D:4-7

Altars:
Fedhas
Makhleb
Wu Jian

Shops:
D:4 (

Annotations:
D:3 exclusion: downstairs


Message History

You hit the scorpion but do no damage.
The scorpion is moderately wounded.
You feel sick. The scorpion barely misses you.
You hit the scorpion but do no damage.
The scorpion is moderately wounded.
The scorpion closely misses you.
You slash the scorpion!
The scorpion is severely wounded.
The scorpion barely misses you.
You hit the scorpion.
The scorpion is almost dead.
You feel sick. The scorpion stings you!
* * * LOW HITPOINT WARNING * * *
You hit the scorpion.
The scorpion is almost dead.
The scorpion stings you but does no damage.
You closely miss the scorpion.
The scorpion is almost dead.
The scorpion stings you!
You die...

#.####.##.#
############.####.##.#
#∩..............#.##.#
###'##########.##.#.##.#
#.(..# #...#...#..#.##.#
#....###.#.#......#.##.#
#....#...#.......##.##.#
#....#...###<###.##.##.###
#....#...@s...............
###.................######
###################


You could see a scorpion.

Vanquished Creatures
  An orc priest (D:4)
  A hound (D:4)
  A worker ant (D:4)
  Robin (D:3)
  4 adders
  An ooze (D:3)
  A worm (D:3)
  5 dart slugs
  3 leopard geckos
  3 orcs (D:4)
  2 giant cockroaches
  16 goblins
  10 hobgoblins
  18 jackals
  A ball python (D:3)
  8 bats
  3 frilled lizards
  8 kobolds
  7 rats
94 creatures vanquished.

Notes
Turn   | Place    | Note
-------+----------+-------------------------------------------
     0 | D:1      | Zoophyte the Hill Orc Berserker began the quest for the
                  | Orb.
     0 | D:1      | Reached XP level 1. HP: 19/19 MP: 1/1
   211 | D:1      | Reached XP level 2. HP: 26/26 MP: 2/2
   767 | D:1      | Reached XP level 3. HP: 29/31 MP: 3/3
   963 | D:1      | Reached ** piety under Trog
  1245 | D:2      | Reached skill level 5 in Axes
  1310 | D:3      | Found a burning altar of Makhleb.
  1680 | D:2      | Reached XP level 4. HP: 35/39 MP: 4/4
  2436 | D:2      | Found an ornate altar of the Wu Jian Council.
  2436 | D:2      | Found a blossoming altar of Fedhas.
  2900 | D:3      | Reached *** piety under Trog
  3125 | D:4      | Reached skill level 1 in Throwing
  3125 | D:4      | Reached XP level 5. HP: 20/45 MP: 5/5
  4067 | D:3      | Noticed Robin
  4102 | D:3      | Killed Robin
  4102 | D:3      | Reached skill level 6 in Axes
  4388 | D:4      | Found Quimah's Antique Weapon Shoppe.
  4461 | D:5      | Entered Level 5 of the Dungeon
  4549 | D:4      | Reached XP level 6. HP: 7/51 MP: 6/6
  5070 | D:4      | Slain by a scorpion

Levels and vault maps discovered:
D:1:      tarquinn_simple_flora_water_d, layout_loops_ring, nrook_loot_triangle,
          minmay_cut_off
D:2:      layout_rooms, gammafunk_temple_overflow_elements, first_ration
D:3:      layout_basic, lemuel_doored_altar, uniq_robin
D:4:      layout_basic, grunt_temple_overflow_opulence, serial_shops, shop,
          uniq_natasha
D:5:      layout_loops_cross, minmay_temple_entry_poolview, serial_shops, shop,
          nicolae_shop_overgrown_old_shop, nicolae_shop_window_shopping,
          nicolae_shop_behind_doors, kennysheep_little_box,
          kennysheep_pointless_box, uniq_grinder, uniq_menkaure

Skill      XL: |  1  2  3  4  5 |
---------------+----------------+-----
Armour         | 3 4 |  4.6
Axes           | 5 6 |  6.3
Throwing       | 1 2 |  2.0
Fighting       | |  3.6
Dodging        | |  1.5

Action                   |  1- 3 |  4- 6 || total
-------------------------+-------+-------++-------
Melee: Hand axe          |   111 |   246 ||   357
Throw: Stone             |    17 |    60 ||    77
Invok: Berserk           |       |     2 ||     2
       Trog's Hand       |       |     1 ||     1
  Use: Scroll            |       |     3 ||     3
 Stab: Sleeping          |     1 |       ||     1
  Eat: Chunk             |     2 |    11 ||    13
Armor: Animal skin       |    26 |    29 ||    55
       Scale mail        |       |    27 ||    27
Dodge: Dodged            |    77 |   176 ||   253

Table legend:
 A = Non-vault XP
 B = Vault XP
 C = Vault XP percentage of total XP
 D = Non-vault monster count
 E = Vault monster count
 F = Vault count percentage of total count
                 A         B        C        D         E       F
            +---------+---------+-------+---------+---------+-------
      Total |     312 |      41 |  11.6 |      78 |      16 |  17.0
            +---------+---------+-------+---------+---------+-------
        D:1 |      46 |       4 |   8.0 |      24 |       3 |  11.1
        D:2 |      63 |       0 |   0.0 |      21 |       0 |   0.0
        D:3 |      77 |      37 |  32.5 |      26 |      13 |  33.3
        D:4 |     126 |       0 |   0.0 |       7 |       0 |   0.0
            +---------+---------+-------+---------+---------+-------
